 Dungeon Crawl Stone Soup version 0.30-a0-986-g7f2e898f52 (webtiles) character file.

Game seed: 18398234431345528882

554 DeathPants the Chopper (level 7, -4/32 (37) HPs)
             Began as a Vine Stalker Reaver on Apr 1, 2023.
             Was an Initiate of Gozag.
             Slain by a centaur
             ... wielding the +8 mace of the Grinning Gods {venom, rF+ MP+9}
              (5 damage)
             ... on level 5 of the Dungeon.
             The game lasted 00:10:36 (3723 turns).

DeathPants the Chopper (Vine Stalker Reaver)        Turns: 3723, Time: 00:10:37

HP:   -4/32 (37)    AC:  8    Str: 26    XL:     7   Next: 30%
MP:   0/11          EV: 11    Int: 16    God:    Gozag
Gold: 120           SH:  0    Dex: 12    Spells: 5/10 levels left

rFire   . . .      SeeInvis .    a - +1 hand axe
rCold   . . .      Faith    .    (no shield)
rNeg    . . .      Spirit   +    m - +0 ring mail of Terror {+Blink Str+3 Int+3}
rPois   .          Reflect  .    s - +1 helmet
rElec   .          Rampage  .    (no cloak)
rCorr   .                        (no gloves)
Will    .....                    k - +0 pair of boots
Stlth   +                        (no amulet)
HPRegen 1.05/turn                p - +6 ring of strength
MPRegen 0.12/turn                (no ring)

@: lethally poisoned (-4 -> -9), heavily drained
A: fangs 2, regeneration 1, magic shield, antimagic bite, no potion heal 2
a: Renounce Religion, Evoke Blink, Potion Petition, Call Merchant, Bribe Branch


You were on level 5 of the Dungeon.
You worshipped Gozag.
Gozag was aware of your devotion.
You visited 1 branch of the dungeon, and saw 6 of its levels.

You collected 479 gold pieces.
You spent 301 gold pieces at shops.
You paid 58 gold pieces to Gozag.

Inventory:

Hand Weapons
 a - a +1 hand axe (weapon)
Missiles
 q - 11 poisoned darts
Armour
 b - a +0 leather armour
 k - a +0 pair of boots (worn)
 m - the +0 ring mail of Terror (worn) {+Blink Str+3 Int+3}
   (You found it on level 3 of the Dungeon)

   Str:       It affects your strength (+3).
   Int:       It affects your intelligence (+3).
   +Blink:    It lets you blink.
 s - a +1 helmet (worn)
Jewellery
 p - a +6 ring of strength (left hand)
Scrolls
 c - a scroll of amnesia {unknown}
 f - a scroll of poison {unknown}
 i - a scroll of fear {unknown}
 j - 2 scrolls of enchant weapon
 n - 3 scrolls of blinking
 r - 2 scrolls of enchant armour {unknown}
 u - a scroll of vulnerability {unknown}
 v - a scroll of teleportation
 w - 3 scrolls of magic mapping
Potions
 d - 3 potions of curing
 e - 3 potions of lignification
 g - 2 potions of might
 h - a potion of magic
 l - 2 potions of heal wounds {unknown}
 o - 2 potions of resistance {unknown}
 t - a potion of invisibility {unknown}
 x - a potion of cancellation {unknown}


   Skills:
 + Level 3.7 Fighting
 * Level 5.5 Axes
 - Level 1.5 Dodging
 - Level 2.1 Spellcasting
 - Level 3.0 Conjurations
 + Level 3.5 Necromancy


You had 5 spell levels left.
You knew the following spells:

 Your Spells              Type           Power      Damage    Failure   Level
a - Kiss of Death         Conj/Necr      48%        2d9       9%          1
b - Necrotise             Necr           48%        1d6       8%          1
c - Vampiric Draining     Necr           12%        2d6       22%         3

Your spell library contained the following spells:

 Spells                   Type           Power      Damage    Failure   Level
 Momentum Strike          Conj/Tloc      12%        3d8       26%         2
 Sting                    Tmut/Pois      4%         1d3       30%         1
 Blink                    Tloc           2%         N/A       43%         2
 Lesser Beckoning         Tloc           2%         N/A       43%         2
 Poisonous Vapours        Pois/Air       2%         N/A       43%         2
 Hailstorm                Conj/Ice       6%         3d4       45%         3
 Gell's Gravitas          Tloc           1%         N/A       67%         3
 Kindle Blastsparks       Fire/Tloc/Air  2%         2d10      67%         3
 Teleport Other           Tloc           1%         N/A       67%         3
 Fulminant Prism          Conj/Hex       3%         3d5       86%         4
 Iskenderun's Mystic Bla  Conj/Tloc      6%         2d4       86%         4
 Agony                    Necr           12%        N/A       90%         5
 Olgreb's Toxic Radiance  Pois           1%         N/A       97%         4
 Lee's Rapid Deconstruct  Erth           0%         3d4*      100%        5


Dungeon Overview and Level Annotations

Branches:
Dungeon (6/15)
 Temple: D:4-7

Altars:
Gozag

Shops:
D:3 ?


Innate Abilities, Weirdness & Mutations

You have extremely sharp teeth.
Your natural rate of healing is unusually fast.
When hurt, damage is shared between your health and your magic reserves.
Your bite disrupts and absorbs the magic of your enemies.
Potions cannot restore your health.


Message History

The centaur shoots an arrow.
The arrow closely misses you.
The centaur shoots an arrow.
The arrow hits you.
The centaur shoots an arrow.
The arrow misses you.
There is an open door, spattered with blood here.
The centaur shoots an arrow.
The arrow hits you!
The centaur shoots an arrow.
The arrow barely misses you.
The centaur unwields a +0 shortbow.
The centaur wields the +8 mace of the Grinning Gods {venom, rF+ MP+9}.
It begins to drip with poison!
The centaur barely misses you. The centaur closely misses you.
You barely miss the centaur.
You punch the centaur, but do no damage.
You bite the centaur. You drain its power.
You feel invigorated.
The centaur is lightly wounded.
The centaur hits you with the +8 mace of the Grinning Gods {venom, rF+ MP+9}!
You are lethally poisoned!
The centaur misses you.
You barely miss the centaur. You bite the centaur. You drain its power.
You feel invigorated.
The centaur is moderately wounded.
* * * LOW HITPOINT WARNING * * *
You feel very sick. The centaur barely misses you.
The centaur kicks you but does no damage.
The centaur closely misses you. The centaur misses you.
You hit the centaur.
The centaur is moderately wounded.
* * * LOW HITPOINT WARNING * * *
You feel very sick. The centaur closely misses you. x2
You slash the centaur!
The centaur is severely wounded.
* * * LOW HITPOINT WARNING * * *
You feel very sick.
The centaur hits you with the +8 mace of the Grinning Gods {venom, rF+ MP+9}!
* * * LOW HITPOINT WARNING * * *
The centaur kicks you but does no damage.
The centaur hits you with the +8 mace of the Grinning Gods {venom, rF+ MP+9}!
You die...
Your body crumbles into a pile of gold.

#..............#
#..............#
##.............#
#..............#
#.#########....#
#.........#'####
#.........#....#
#.........#....#
#.........#@...#
######.........#c...#
...............#....#
...............#######
.....................#
.....................#
.....................#
.....................#
.....................#


You could see a centaur.

Vanquished Creatures
  A black bear (D:6)
  A scorpion (D:4)
  3 hounds
  A gnoll bouda (D:6)
  An iguana (D:4)
  Natasha (twice) (D:3)
  2 orc wizards (D:4)
  4 gnolls (D:5)
  5 adders
  2 worms
  2 dart slugs (D:2)
  3 orcs (D:5)
  4 bats
  7 endoplasms
  6 giant cockroaches
  4 goblins
  5 hobgoblins
  4 kobolds
  5 quokkas
  5 ball pythons
  5 frilled lizards
  6 rats
78 creatures vanquished.

Notes
Turn   | Place    | Note
-------+----------+-------------------------------------------
     0 | D:1      | DeathPants the Vine Stalker Reaver began the quest for the
                  | Orb.
     0 | D:1      | Reached XP level 1. HP: 11/11 MP: 4/4
   153 | D:2      | Found a faded altar of an unknown god.
   311 | D:1      | Reached XP level 2. HP: 15/15 MP: 6/6
   332 | D:1      | Reached skill level 3 in Axes
   382 | D:1      | Learned a level 1 spell: Necrotise
   879 | D:2      | Reached skill level 1 in Necromancy
   937 | D:2      | Reached XP level 3. HP: 18/18 MP: 7/7
  1230 | D:2      | Identified the +3 long sword of Doors {venom, rElec}
  1453 | D:3      | Gained mutation: Your natural rate of healing is unusually
                  | fast. [Vine Stalker growth]
  1453 | D:3      | Reached XP level 4. HP: 23/23 MP: 6/8
  1486 | D:3      | Found an opulent altar of Gozag.
  1497 | D:3      | Became a worshipper of Gozag Ym Sagoz the Greedy
  1570 | D:3      | Identified the +0 ring mail of Terror {+Blink Str+3 Int+3}
  2100 | D:4      | Noticed a scorpion
  2112 | D:4      | Killed a scorpion
  2113 | D:4      | Reached skill level 4 in Axes
  2113 | D:4      | Reached XP level 5. HP: 11/28 MP: 7/9
  2206 | D:5      | Entered Level 5 of the Dungeon
  2703 | D:4      | Reached XP level 6. HP: 25/32 MP: 6/10
  2818 | D:5      | Identified the +1 rapier of Drought {protect, rCorr}
  2882 | D:3      | Noticed Natasha
  2897 | D:3      | Killed Natasha
  2959 | D:3      | Noticed Natasha
  2968 | D:3      | Killed Natasha
  2969 | D:3      | Reached skill level 5 in Axes
  3083 | D:3      | Found The Oracle's Delphic Readings.
  3087 | D:3      | Bought a scroll of blinking for 82 gold pieces
  3087 | D:3      | Bought a scroll of blinking for 82 gold pieces
  3087 | D:3      | Bought a scroll of identify for 22 gold pieces
  3087 | D:3      | Bought a scroll of teleportation for 33 gold pieces
  3087 | D:3      | Bought a scroll of magic mapping for 82 gold pieces
  3216 | D:4      | Learned a level 3 spell: Vampiric Draining
  3312 | D:6      | Noticed a black bear
  3317 | D:6      | Killed a black bear
  3318 | D:6      | Reached XP level 7. HP: 31/35 MP: 11/11
  3714 | D:5      | Identified the +8 mace of the Grinning Gods {venom, rF+
                  | MP+9}
  3723 | D:5      | HP: 1/32 [centaur/the +8 mace of the Grinning Gods {venom,
                  | rF+ MP+9} (1)]
  3723 | D:5      | Slain by a centaur

Illustrated notes

Levels and vault maps discovered:
D:1:      tarquinn_simple_flora_water_d, layout_loops_cross
D:2:      minmay_diamond_boxcup, layout_basic,
          hellmonk_ecumenical_altar_lost_god
D:3:      layout_loops_ring, nicolae_gozag_seed_capital, minmay_strange_pillars,
          nicolae_nh_oracle_at_delphi, uniq_natasha
D:4:      layout_loops_ring, cheibrodos_sewer_entry_bend, kennysheep_nub
D:5:      layout_gridville, uniq_pikel, uniq_grinder
D:6:      layout_basic, uniq_edmund, uniq_eustachio, uniq_menkaure, uniq_duvessa

Skill      XL: |  1  2  3  4  5  6 |
---------------+-------------------+-----
Fighting       | 2 3 |  3.7
Axes           | 3 4 5 |  5.5
Necromancy     | 1 2 3 |  3.5
Dodging        | |  1.5
Spellcasting   | |  2.1
Conjurations   | |  3.0

Action                     |  1- 3 |  4- 6 |  7- 9 || total
---------------------------+-------+-------+-------++-------
  Melee: Hand axe          |   103 |   119 |    45 ||   267
         Bite              |    28 |    29 |    12 ||    69
         Punch             |       |       |     3 ||     3
   Cast: Kiss of Death     |       |     2 |     1 ||     3
    Use: Scroll            |     2 |     3 |       ||     5
   Stab: Sleeping          |     1 |       |       ||     1
 Armour: Leather armour    |    26 |       |       ||    26
         Ring mail         |       |    50 |    24 ||    74
  Dodge: Dodged            |    62 |    54 |    65 ||   181

Table legend: (Time is in decaauts)
 A = Elapsed time spent in this place.
 B = Non-inter-level travel time spent in this place.
 C = Inter-level travel time spent in this place.
 D = Time resting spent in this place.
 E = Time spent auto-exploring this place.
 F = Levels seen in this place.
 G = Mean time per level.
                   A        B        C        D        E       F      G
               +--------+--------+--------+--------+--------+-----+--------+
         Total |   3765 |   3555 |    210 |     46 |   2497 |   6 |  627.5 |
       Dungeon |   3765 |   3555 |    210 |     46 |   2497 |   6 |  627.5 |
               +--------+--------+--------+--------+--------+-----+--------+

Top non-repeatable levels by time:
     D:4: 974 daAuts
     D:3: 810 daAuts
     D:1: 763 daAuts
     D:2: 644 daAuts
     D:5: 484 daAuts
     D:6: 88 daAuts
